 Dungeon Crawl Stone Soup version 0.24.1 (webtiles) character file.

Game seed: 6790291769111485849, levelgen mode: deterministic

749 Destapler the Skirmisher (level 7, 0/55 HPs)
             Began as a Demonspawn Berserker on Mar 29, 2020.
             Was a Priest of Trog.
             Killed from afar by an orc wizard (8 damage)
             ... with a puff of flame
             ... on level 4 of the Dungeon.
             The game lasted 00:11:07 (2977 turns).

Destapler the Skirmisher (Demonspawn Berserker)     Turns: 2977, Time: 00:11:08

Health: 0/55       AC:  7    Str: 17    XL:     7   Next: 48%
Magic:  0/7        EV: 11    Int:  8    God:    Trog [***...]
Gold:   170        SH:  5    Dex: 15    Spells: 6/6 levels left

rFire    . . .     SeeInvis .   a - +3 whip (elec)
rCold    . . .     Gourm    .   k - +0 buckler
rNeg     . . .     Faith    .   f - +0 ring mail
rPois    .         Spirit   +   (no helmet)
rElec    .         Reflect  .   (no cloak)
rCorr    .         Harm     .   (no gloves)
MR       .....                  (no boots)
Stlth    ++........             (no amulet)
HPRegen  0.18/turn              (no ring)
MPRegen  0.10/turn              (no ring)

@: hasted, very quick
A: claws 1, molten scales 1, powered by pain 1, magic shield
a: Berserk, Trog's Hand, Renounce Religion


You were on level 4 of the Dungeon.
You worshipped Trog.
Trog was most pleased with you.
You were not hungry.

You visited 1 branch of the dungeon, and saw 4 of its levels.

You collected 170 gold pieces.

Inventory:

Hand Weapons
 a - a +3 whip of electrocution (weapon)
Missiles
 g - 113 stones (quivered)
 m - 13 poisoned darts
Armour
 f - a +0 ring mail (worn)
 k - a +0 buckler (worn)
Scrolls
 j - 3 scrolls of teleportation
 l - 2 scrolls of remove curse
Potions
 h - a potion of agility
 i - a potion of might
 n - a potion of cancellation
 p - a potion of flight
Comestibles
 c - 6 rations
 o - 2 chunks of flesh


   Skills:
 + Level 4.4 Fighting
   Level 2.8(3.3) Axes
 + Level 2.5(3.1) Maces & Flails
 + Level 3.4 Armour
 - Level 1.7 Dodging
 + Level 3.9 Stealth
 * Level 3.7 Shields


You had 6 spell levels left.
You didn't know any spells.
Your spell library was empty.

Dungeon Overview and Level Annotations

Branches:
Dungeon (4/15)
 Temple: D:4-7

Altars:
Gozag


Innate Abilities, Weirdness & Mutations

You have sharp fingernails.
You are partially covered in molten scales. (AC +2)
You sometimes gain a little power by taking damage.
When hurt, damage is shared between your health and your magic reserves.


Message History

You closely miss the orc. The orc barely misses you.
You closely miss the orc. You block the orc's attack.
An orc wizard comes into view. It is wielding a +0 dagger.
You hit the orc. Lightning courses through the orc!
You kill the orc!
Trog accepts your kill.
You see here 26 arrows.
The orc wizard mumbles some strange words.
The orc wizard seems to speed up.
Things that are here:
a +0 robe; a +0 dagger You feel yourself speed up.
The orc wizard begins to cast a cantrip, but forgets the words!
Found 23 stones.
The orc wizard gestures at you while chanting.
The puff of frost hits you.
* * * LOW HITPOINT WARNING * * *
The orc wizard casts a spell at you. The puff of flame hits you!
You die...

#..## #.# ##.....)#.# .. #...#
#.## #.....o...# .#
###..####..###### #..##...###
.. ................##...####..
.# ###..#####..###.))...# ....
.o #...## ##.####.>...#...?.oo
##.#..#####............#.#####
........)(....##...####..
##.####(o####.##@..###..# #.#
##(# ##..........# #.# #.#
#......#.####
##.#####.###...##.#.#
#..............# .#
#..[####...#o.##.## #...##
###.......# .....#####....####
#....o...........#


You could see an orc wizard.

Vanquished Creatures
  4 ogres
  An orc priest (D:4)
  A hound (D:4)
  4 orc wizards
  2 worker ants (D:4)
  A hound skeleton (D:3)
  5 adders
  4 gnolls (D:3)
  2 dart slugs
  2 worms
  3 leopard geckos
  12 orcs
  3 giant cockroaches (D:3)
  5 goblins
  5 hobgoblins
  9 jackals
  4 ball pythons
  6 bats
  5 frilled lizards
  8 kobolds
  8 rats
94 creatures vanquished.

Notes
Turn   | Place    | Note
-------+----------+-------------------------------------------
     0 | D:1      | Destapler the Demonspawn Berserker began the quest for the
                  | Orb.
     0 | D:1      | Reached XP level 1. HP: 18/18 MP: 1/1
   147 | D:1      | Gained mutation: You sometimes gain a little power by
                  | taking damage. [demonic ancestry]
   147 | D:1      | Reached XP level 2. HP: 24/24 MP: 2/2
   148 | D:1      | Reached skill level 1 in Stealth
   224 | D:1      | You fall into a shaft and drop 1 floor!
   519 | D:1      | Reached ** piety under Trog
   841 | D:2      | Found an opulent altar of Gozag.
   865 | D:2      | Reached XP level 3. HP: 29/29 MP: 3/3
  1739 | D:3      | Gained mutation: You are partially covered in molten
                  | scales. (AC +2) [demonic ancestry]
  1739 | D:3      | Reached XP level 4. HP: 35/35 MP: 4/4
  1756 | D:3      | Reached skill level 1 in Shields
  1939 | D:3      | Reached skill level 1 in Maces & Flails
  1989 | D:3      | Gained mutation: When hurt, damage is shared between your
                  | health and your magic reserves. [demonic ancestry]
  1989 | D:3      | Reached XP level 5. HP: 27/41 MP: 5/5
  2041 | D:3      | Noticed an ogre
  2050 | D:3      | Killed an ogre
  2052 | D:3      | Reached XP level 6. HP: 30/48 MP: 4/6
  2424 | D:4      | Reached skill level 4 in Fighting
  2454 | D:4      | Reached *** piety under Trog
  2557 | D:4      | Gained mutation: You have sharp fingernails. [demonic
                  | ancestry]
  2557 | D:4      | Reached XP level 7. HP: 23/54 MP: 5/7
  2977 | D:4      | Killed from afar by an orc wizard

Levels and vault maps discovered:
D:1:      onia_arrival_pyramid, layout_basic
D:2:      layout_basic, nicolae_gozag_cash_rules_everything_around_me,
          minivault_11
D:3:      layout_rooms, minmay_misc_feat_five, minmay_misc_feat_diagonals
D:4:      layout_rooms, minmay_temple_entry_fiery, minmay_shop_grid_forest

Skill      XL: |  1  2  3  4  5  6 |
---------------+-------------------+-----
Stealth        | 1 2 3 |  3.9
Armour         | 2 3 |  3.4
Shields        | 1 2 3 |  3.7
Maces & Flails | 1 2 |  2.5
Fighting       | 4 |  4.4
Axes           | |  2.8
Dodging        | |  1.7

Action                   |  1- 3 |  4- 6 |  7- 9 || total
-------------------------+-------+-------+-------++-------
Melee: Hand axe          |    27 |       |       ||    27
       Whip              |    89 |   104 |    34 ||   227
Invok: Berserk           |     1 |       |       ||     1
  Use: Scroll            |       |     4 |     6 ||    10
       Potion            |       |       |     1 ||     1
 Stab: Sleeping          |     3 |     2 |       ||     5
  Eat: Chunk             |     4 |     3 |     1 ||     8
Armor: Animal skin       |    20 |     2 |       ||    22
       Ring mail         |       |    35 |     8 ||    43
Dodge: Dodged            |    83 |    61 |    12 ||   156
Block: Buckler           |     8 |    24 |     3 ||    35
